[Event "ICCopen2017"]
[Site "Internet Chess Club"]
[Date "2017.03.25"]
[Round "6"]
[White "arshavin2015"]
[Black "Svinotigr"]
[Result "1-0"]
[ICCResult "Black forfeits on time"]
[WhiteElo "2025"]
[BlackElo "1719"]
[Opening "Benko's opening"]
[ECO "A00"]
[NIC "VO.09"]
[Time "15:06:29"]
[TimeControl "180+0"]

1. g3 d6 2. Bg2 Nd7 3. e4 e5 4. Nc3 g6 5. d3 Bg7 6. Nge2 Ngf6 7. Bg5 O-O 8.
Qd2 h5 9. h3 c6 10. O-O Qe7 11. f4 Re8 12. Rf2 Nf8 13. Raf1 N8h7 14. fxe5
dxe5 15. Bh6 Rf8 16. Bxg7 Kxg7 17. Nd1 a5 18. a3 Be6 19. Ne3 Nd7 20. c3 a4
21. d4 Nb6 22. g4 hxg4 23. hxg4 Nc4 24. Nxc4 Bxc4 25. dxe5 Qxe5 26. Qe3 Bxe2
27. Rxe2 Ng5 28. Ref2 Rh8 29. Rf4 Raf8 30. Qg3 Qc5+ 31. R1f2 Rd8 32. Bf1 Rd2
33. Kg2 Rxf2+ 34. Qxf2 Qe7 35. Qd4+ f6 36. Bc4 Rd8 37. Qe3 Qe5 38. Qg3 Ne6
39. Bxe6 Qxe6 40. g5 f5 41. exf5 Rd2+ 42. Rf2 Rxf2+ 43. Qxf2 gxf5 44. Qd4+
Kg6 45. Qh8 Kxg5 46. Qg7+ Qg6 47. Qd4 f4 48. Kf2 Qf5 49. Qd2 Qg4 50. Kf1 Qg3
51. Qf2 Qxf2+ 52. Kxf2 Kg4 53. c4 f3 54. c5 Kf4 55. Ke1 Ke5 56. Kd2 Kd5 57.
Kc3 Kxc5 58. b4+ {Black forfeits on time} 1-0

[Event "ICCopen2017"]
[Site "Internet Chess Club"]
[Date "2017.03.25"]
[Round "6"]
[White "ROWLAND"]
[Black "fletcherdavid"]
[Result "0-1"]
[ICCResult "White forfeits on time"]
[WhiteElo "1483"]
[BlackElo "1849"]
[Opening "Caro-Kann: Panov-Botvinnik attack"]
[ECO "B13"]
[NIC "CK.02"]
[Time "15:07:12"]
[TimeControl "180+0"]

1. e4 c6 2. d4 d5 3. exd5 cxd5 4. c4 e6 5. a3 Nf6 6. Nc3 Be7 7. Nf3 O-O 8.
Bd3 dxc4 9. Bxc4 b6 10. d5 exd5 11. Nxd5 Bb7 12. Nxe7+ Qxe7+ 13. Qe2 Re8 14.
Qxe7 Rxe7+ 15. Be3 Bxf3 16. gxf3 Nbd7 17. O-O-O Ne5 18. Be2 Rc8+ 19. Kb1 h6
20. Rhg1 Kf8 21. Rd6 Nc4 22. Rxf6 Nxe3 23. Rd6 Nc4 24. Bxc4 Rxc4 25. Rd8+
Re8 26. Rxe8+ Kxe8 27. Rxg7 Rf4 28. Rg3 Ke7 29. Rh3 Rf6 30. Kc2 Ke6 31. Kd3
Kf5 32. Ke3 Re6+ 33. Kd2 Kf4 34. Kd3 Rd6+ 35. Kc4 a6 36. Kc3 f5 37. b4 b5
38. Kc2 Rc6+ 39. Kd3 Rd6+ 40. Kc3 Kg5 41. Rg3+ Kf4 42. Rh3 Ke5 43. Rh4 Rc6+
44. Kd3 Rd6+ 45. Kc3 h5 {White forfeits on time} 0-1

[Event "ICCopen2017"]
[Site "Internet Chess Club"]
[Date "2017.03.25"]
[Round "6"]
[White "Kalmyk"]
[Black "Templar-Assasin"]
[Result "0-1"]
[ICCResult "White forfeits on time"]
[WhiteElo "2868"]
[BlackElo "2628"]
[Opening "Sicilian: Pelikan, Chelyabinsk variation"]
[ECO "B41"]
[NIC "SI.37"]
[Time "15:06:53"]
[TimeControl "180+0"]

1. e4 c5 2. Nf3 e6 3. d4 cxd4 4. Nxd4 Nf6 5. Nc3 Nc6 6. Ndb5 d6 7. Bf4 e5 8.
Bg5 a6 9. Na3 b5 10. Nd5 Be7 11. Bxf6 Bxf6 12. c4 b4 13. Nc2 O-O 14. g3 Bg5
15. h4 Bh6 16. Bg2 Qa5 17. O-O Qc5 18. Qd3 a5 19. Rad1 Be6 20. Kh2 Bxd5 21.
Qxd5 Rad8 22. Qd3 d5 23. cxd5 Ne7 24. Ne1 Nc8 25. Nf3 Rfe8 26. Ng5 Qe7 27.
Nf3 Nd6 28. Bh3 f5 29. Nd2 Bxd2 30. Qxd2 Nxe4 31. Qd3 Nd6 32. Rfe1 g6 33.
Bg2 Rc8 34. Rc1 Kg7 35. Qa6 Red8 36. Rc6 e4 37. Rec1 Rxc6 38. dxc6 Qc7 39.
Bf1 Rb8 40. Qe2 Rb6 41. Qc2 Kf6 42. Qc5 Ke6 43. Qd4 Rxc6 44. Rd1 Rc5 45. Qh8
Qe7 46. Qg8+ Kf6 47. Qh8+ Ke6 48. Qg8+ Kd7 49. Ba6 e3 50. f4 e2 51. Re1 Qe3
52. Qg7+ Kc6 53. Kh3 Qd2 {White forfeits on time} 0-1

[Event "ICCopen2017"]
[Site "Internet Chess Club"]
[Date "2017.03.25"]
[Round "6"]
[White "Lovelife"]
[Black "Iandmyself"]
[Result "0-1"]
[ICCResult "White resigns"]
[WhiteElo "1898"]
[BlackElo "2495"]
[Opening "Sicilian defense"]
[ECO "B20"]
[NIC "SI.48"]
[Time "15:07:13"]
[TimeControl "180+0"]

1. e4 c5 2. b3 b6 3. Bb2 Bb7 4. Nc3 Nc6 5. f4 e6 6. Nf3 d5 7. exd5 exd5 8.
Bb5 a6 9. Qe2+ Be7 10. Nxd5 axb5 11. Bxg7 Qxd5 12. Bxh8 f6 13. O-O Kf7 14.
Ng5+ fxg5 15. Qh5+ Ke6 16. fxg5 Kd7 17. Rae1 Re8 18. Re2 Nd4 19. Bxd4 Qxd4+
20. Kh1 Be4 21. Rfe1 Bg6 22. Qh3+ Kd8 23. b4 cxb4 24. Qf3 Kc7 25. Qg3+ Bd6
26. Qb3 Rxe2 27. Rxe2 Qa1+ {White resigns} 0-1

[Event "ICCopen2017"]
[Site "Internet Chess Club"]
[Date "2017.03.25"]
[Round "6"]
[White "BlackHorse96"]
[Black "Darnoc"]
[Result "1-0"]
[ICCResult "Black checkmated"]
[WhiteElo "3073"]
[BlackElo "2905"]
[Opening "French: Wing gambit"]
[ECO "C00"]
[NIC "FR.01"]
[Time "15:06:52"]
[TimeControl "180+0"]

1. e4 e6 2. Nf3 d5 3. e5 c5 4. b4 cxb4 5. d4 Bd7 6. a3 Qa5 7. Bd3 Bb5 8. O-O
Bxd3 9. Qxd3 Nc6 10. Nbd2 bxa3 11. Bxa3 Bxa3 12. Rxa3 Qc7 13. c4 Nge7 14.
cxd5 exd5 15. Re1 Nd8 16. Rc3 Qd7 17. e6 Nxe6 18. Ne5 Qa4 19. Nxf7 Kxf7 20.
Qf3+ Kg8 21. Rxe6 Rf8 22. Qe2 Qa1+ 23. Nf1 Qxc3 24. Rxe7 h5 25. Qe6+ Kh7 26.
Qe5 Rf6 27. Qxf6 Rg8 28. Qf5+ Kh6 29. h4 Qc1 30. Qe6+ Kh7 31. Qxd5 Qh6 32.
Re5 g6 33. Qxb7+ Rg7 34. Re7 Rxe7 35. Qxe7+ Qg7 36. Qxg7+ Kxg7 37. Ne3 Kf6
38. Kf1 Ke6 39. Ke2 Kf6 40. Kd3 g5 41. hxg5+ Kxg5 42. d5 Kf6 43. Kd4 Ke7 44.
Ke5 a5 45. d6+ Kd8 46. Nc4 a4 47. Ke6 h4 48. f4 h3 49. gxh3 Ke8 50. f5 Kf8
51. f6 Kg8 52. d7 Kh7 53. d8=Q Kh6 54. Qg8 Kh5 55. Kf5 Kh6 56. Qh8#
{Black checkmated}
1-0

[Event "ICCopen2017"]
[Site "Internet Chess Club"]
[Date "2017.03.25"]
[Round "6"]
[White "Simba"]
[Black "JRussell2"]
[Result "0-1"]
[ICCResult "White forfeits on time"]
[WhiteElo "1032"]
[BlackElo "1037"]
[Opening "Sicilian: Canal-Sokolsky (Nimzovich-Rossolimo, Moscow) attack"]
[ECO "B51"]
[NIC "SI.01"]
[Time "15:07:19"]
[TimeControl "180+0"]

1. e4 c5 2. Nf3 d6 3. Bb5+ Nc6 4. Bxc6+ bxc6 5. O-O Nf6 6. d3 g6 7. Bg5 Bg7
8. Bxf6 Bxf6 9. c3 O-O 10. Nbd2 e5 11. a3 Be6 12. h3 d5 13. Qa4 dxe4 14.
Nxe4 Bd7 15. Qc4 Be7 16. Nxe5 Be6 17. Qa4 Bd5 18. Ng3 Bd6 19. Nxc6 Bxc6 20.
Qxc6 Bxg3 21. fxg3 Qxd3 22. Qxc5 Qc2 23. Qb4 Rab8 24. Qc4 Rxb2 25. Qd5 Qxc3
26. Rac1 Qxa3 27. Rf3 Qa2 28. Rff1 a5 29. Qf3 a4 30. Rc3 Rb1 31. Ra3 Rxf1+
32. Kxf1 Qb1+ 33. Kf2 Ra8 {White forfeits on time} 0-1

[Event "ICCopen2017"]
[Site "Internet Chess Club"]
[Date "2017.03.25"]
[Round "6"]
[White "BillietheKid"]
[Black "ziggyalbert"]
[Result "0-1"]
[ICCResult "White forfeits on time"]
[WhiteElo "1361"]
[BlackElo "1315"]
[Opening "Sicilian: accelerated fianchetto, modern variation"]
[ECO "B34"]
[NIC "SI.33"]
[Time "15:06:52"]
[TimeControl "180+0"]

1. e4 c5 2. Nf3 Nc6 3. d4 cxd4 4. Nxd4 g6 5. Nc3 Bg7 6. Be3 Nh6 7. f3 Ng8 8.
Qd2 d6 9. O-O-O Bd7 10. Bc4 a6 11. h4 b5 12. Bb3 Na5 13. Bd5 Rc8 14. Nce2
Nc6 15. Nxc6 Bxc6 16. Bxc6+ Rxc6 17. h5 Qc8 18. Nc3 Bxc3 19. bxc3 e5 20.
hxg6 fxg6 21. Kb2 a5 22. Qd3 b4 23. cxb4 axb4 24. Rd2 Qa6 25. Qxa6 Rxa6 26.
Rhd1 Ra3 27. Bg5 Ne7 28. Bxe7 Kxe7 29. Rxd6 Rha8 30. Rd7+ Kf6 31. R1d6+ Kg5
32. Rxh7 Rxa2+ 33. Kc1 Ra1+ 34. Kd2 R8a4 35. Rd5 Kf4 36. Rf7+ Kg3 37. Rxe5
R1a2 38. Rg5+ Kf2 39. Rxg6 b3 {White forfeits on time} 0-1

[Event "ICCopen2017"]
[Site "Internet Chess Club"]
[Date "2017.03.25"]
[Round "6"]
[White "PCB1"]
[Black "AlonzoMosely"]
[Result "0-1"]
[ICCResult "White checkmated"]
[WhiteElo "1795"]
[BlackElo "2223"]
[Opening "Trompowsky attack (Ruth, Opocenský opening)"]
[ECO "A45"]
[NIC "QP.07"]
[Time "15:07:00"]
[TimeControl "180+0"]

1. d4 Nf6 2. Bg5 Ne4 3. Bf4 e6 4. Nd2 Bd6 5. Bxd6 Nxd6 6. e4 f5 7. Bd3 O-O
8. Ngf3 b6 9. O-O Bb7 10. Qe2 Nc6 11. c3 Ne7 12. e5 Nf7 13. h4 Ng6 14. h5
Nf4 15. Qe3 Nxh5 16. Be2 Nh6 17. Ng5 f4 18. Qh3 Qxg5 19. Bxh5 Rf5 20. Bf3
Bxf3 21. Nxf3 Qh5 22. Qxh5 Rxh5 23. a4 a5 24. b4 g5 25. Rfb1 g4 26. Nd2 Kh8
27. Ne4 f3 28. g3 Nf5 29. Nf6 Rg5 30. Kf1 d5 31. bxa5 Rxa5 32. Rb5 Ne7 33.
Rxa5 bxa5 34. Rb1 Kg7 35. Rb7 Kg6 36. Rxc7 Nf5 37. Rxh7 Ng7 38. Rh8 Kf7 39.
Rb8 Rg6 40. Rb7+ Kf8 41. Nd7+ Kg8 42. Nc5 Rh6 43. Rb6 Rh1# {White
checkmated} 0-1

[Event "ICCopen2017"]
[Site "Internet Chess Club"]
[Date "2017.03.25"]
[Round "6"]
[White "kolding"]
[Black "zepelin"]
[Result "0-1"]
[ICCResult "White forfeits on time"]
[WhiteElo "1651"]
[BlackElo "1972"]
[Opening "Robatsch defense"]
[ECO "B06"]
[NIC "KF.05"]
[Time "15:06:52"]
[TimeControl "180+0"]

1. e4 g6 2. d4 Bg7 3. Nc3 c5 4. dxc5 Bxc3+ 5. bxc3 Qa5 6. Qd4 Nf6 7. Bd2 Nc6
8. Qe3 O-O 9. Nf3 Ng4 10. Qf4 d6 11. cxd6 Qc5 12. Qg3 exd6 13. Bd3 Be6 14.
O-O Rac8 15. Ng5 Nge5 16. Rab1 Nxd3 17. cxd3 d5 18. d4 Qc4 19. Rxb7 dxe4 20.
Nxe4 Kg7 21. Nd6 Qa6 22. Rfb1 Rcd8 23. Ne4 Bxa2 24. R1b2 Bd5 25. Nc5 Qe2 26.
Bh6+ Kxh6 27. Rxe2 Kg7 28. h3 Rde8 29. Rxe8 Rxe8 30. Qd3 Ne7 31. c4 Bxb7 32.
Nxb7 Nf5 33. d5 Re1+ 34. Kh2 Re7 35. Qc3+ Kg8 36. Nc5 h5 37. Nd3 Re4 38. f3
Rd4 39. Ne5 Rd2 40. Nd3 Rd1 {White forfeits on time} 0-1

[Event "ICCopen2017"]
[Site "Internet Chess Club"]
[Date "2017.03.25"]
[Round "6"]
[White "Atomrod"]
[Black "ZavenGrozny"]
[Result "0-1"]
[ICCResult "White forfeits on time"]
[WhiteElo "2319"]
[BlackElo "3106"]
[Opening "King's Indian, 3.Nf3"]
[ECO "E60"]
[NIC "EO.26"]
[Time "15:06:52"]
[TimeControl "180+0"]

1. d4 Nf6 2. Nf3 g6 3. c4 Bg7 4. g3 c5 5. Nc3 cxd4 6. Nxd4 O-O 7. Bg2 Nc6 8.
O-O Nxd4 9. Qxd4 d6 10. Qd3 Bf5 11. e4 Be6 12. Be3 Nd7 13. b3 Ne5 14. Qc2
Rc8 15. Rad1 Qa5 16. Nd5 Bxd5 17. Rxd5 Qc7 18. Rfd1 b6 19. h3 Nc6 20. Qd2
Qb7 21. Bh6 Qa6 22. Bxg7 Kxg7 23. h4 Rcd8 24. h5 Qc8 25. h6+ Kg8 26. Qb2 f6
27. Kh2 Qc7 28. Bh3 e5 29. Be6+ Kh8 30. b4 Nd4 31. R1xd4 exd4 32. Qxd4 Qe7
33. Bh3 Rfe8 34. f3 Kg8 35. a3 Qf8 36. Qd2 Kh8 37. Kg2 Rxe4 38. fxe4 Qe7 39.
Qd4 Kg8 40. Bg4 Qf8 41. Bf3 Qxh6 42. Rxd6 Rxd6 43. Qxd6 Qe3 44. Qd8+ Kf7 45.
Qc7+ Kg8 46. Qb8+ Kg7 47. Qxa7+ Kh6 48. Qd7 Qxa3 49. Qd2+ Kg7 50. e5 fxe5
51. Be4 Qb3 52. c5 bxc5 53. bxc5 Qc4 54. Qd5 Qe2+ 55. Kg1 Qe1+ 56. Kh2 Qe2+
57. Bg2 Qh5+ 58. Kg1 Qe2 59. c6 Qe3+ 60. Kh2 Qh6+ 61. Bh3 Qc1 62. Qd7+ Kh6
63. c7 Qc2+ 64. Bg2 Qc3 65. c8=Q Qb4 66. Qf8+ Qxf8 67. Qh3+ Kg7
{White forfeits on time}
0-1

[Event "ICCopen2017"]
[Site "Internet Chess Club"]
[Date "2017.03.25"]
[Round "6"]
[White "shirovinster"]
[Black "HouseMorgan"]
[Result "0-1"]
[ICCResult "White forfeits on time"]
[WhiteElo "1806"]
[BlackElo "2009"]
[Opening "English opening"]
[ECO "A16"]
[NIC "EO.61"]
[Time "15:06:46"]
[TimeControl "180+0"]

1. c4 Nf6 2. Nc3 c6 3. e4 e5 4. Nf3 Bb4 5. d3 Qe7 6. Bd2 O-O 7. Be2 d6 8. a3
Ba5 9. b4 Bc7 10. O-O Nbd7 11. Rc1 Nh5 12. Na4 Nf4 13. c5 Nxe2+ 14. Qxe2
dxc5 15. Nxc5 Nxc5 16. Rxc5 Bd6 17. Rcc1 a5 18. Bc3 axb4 19. axb4 f6 20. Qb2
Be6 21. Nd2 Ra2 22. Qb1 Rfa8 23. Nc4 Bc7 24. b5 c5 25. b6 Bd8 26. Rcd1 R2a6
27. Rd2 Bxc4 28. dxc4 Rxb6 29. Qd1 Rb3 30. Rd7 Qe8 31. Qg4 Qg6 32. Qe6+ Kh8
33. Qd6 Qe8 34. Bd2 Rb6 35. Qd5 Be7 36. Be3 Rd8 37. Rxd8 Qxd8 38. Qxd8+ Bxd8
39. Rd1 Bc7 40. Bxc5 Rc6 41. Be3 Rxc4 42. h3 h6 43. Rd7 b5 44. Re7 b4 45.
Re8+ Kh7 46. Ra8 b3 47. Ra1 b2 48. Rb1 Rb4 49. Bd2 Rb3 50. Kf1 Bb6 51. Ke2
Bd4 52. f3 Rb7 53. Be3 Rd7 54. Bxd4 Kg6 55. Rxb2 exd4 {White forfeits on
time} 0-1

[Event "ICCopen2017"]
[Site "Internet Chess Club"]
[Date "2017.03.25"]
[Round "6"]
[White "marianzaim"]
[Black "Baltimora"]
[Result "1-0"]
[ICCResult "Black checkmated"]
[WhiteElo "1940"]
[BlackElo "2225"]
[Opening "English, 1...Nf6 (Anglo-Indian defense)"]
[ECO "A15"]
[NIC "EO.64"]
[Time "15:06:57"]
[TimeControl "180+0"]

1. c4 Nf6 2. g3 c6 3. b3 d5 4. Bb2 d4 5. Bg2 e5 6. d3 Be7 7. Nf3 Nbd7 8. O-O
O-O 9. e3 c5 10. exd4 exd4 11. Nbd2 Bd6 12. Qc2 Rb8 13. Rae1 b6 14. Ng5 h6
15. Nge4 Be7 16. Bc1 Bb7 17. Re2 Ne5 18. Nxf6+ Bxf6 19. Ne4 Bxe4 20. Bxe4
Re8 21. h3 Qd7 22. Kh2 Nc6 23. Rfe1 Nb4 24. Qb1 Rbd8 25. a3 Nc6 26. Bf4 Ne5
27. Bxe5 Rxe5 28. f4 Ree8 29. Bd5 Rxe2+ 30. Rxe2 Re8 31. Qe1 Rxe2+ 32. Qxe2
b5 33. Qe4 bxc4 34. bxc4 h5 35. Bc6 Qc7 36. Qe8+ Kh7 37. Be4+ g6 38. Bd5 Kg7
39. Qc6 Qe7 40. Qb7 Qe2+ 41. Kh1 Qe1+ 42. Kh2 Be7 43. Bg2 h4 44. gxh4 Bd6
45. Qe4 Qf2 46. Qf3 Bxf4+ 47. Kh1 Qd2 48. h5 g5 49. Bf1 Kh6 50. Be2 Qe1+ 51.
Kg2 a5 52. Qc6+ Kg7 53. Qf3 a4 54. Qf2 Qd2 55. Qf3 Be3 56. Qe4 Bf4 57. Qf3
Qc1 58. h4 Qxa3 59. hxg5 Bxg5 60. Qe4 Kh6 61. Qc6+ f6 62. Qd6 Kg7 63. Qc7+
Kg8 64. Bf3 Qb2+ 65. Kh3 Bf4 66. Bd5+ Kh8 67. Qd8+ Kh7 68. Qe7+ Kh6 69. Qf8+
Kg5 70. Qg7+ Kf5 71. Qg4+ Ke5 72. Qe6# {Black checkmated} 1-0

[Event "ICCopen2017"]
[Site "Internet Chess Club"]
[Date "2017.03.25"]
[Round "6"]
[White "fisherino"]
[Black "nikenwidiartto"]
[Result "0-1"]
[ICCResult "White checkmated"]
[WhiteElo "1636"]
[BlackElo "1842"]
[Opening "Scandinavian defense"]
[ECO "B01"]
[NIC "SD.03"]
[Time "15:07:45"]
[TimeControl "180+0"]

1. e4 d5 2. exd5 Nf6 3. d4 Bg4 4. Bb5+ Nbd7 5. Nf3 Nxd5 6. O-O c6 7. Be2 e6
8. h3 Bh5 9. Bg5 Qb6 10. Qc1 Bd6 11. c4 h6 12. cxd5 hxg5 13. dxe6 O-O-O 14.
exd7+ Rxd7 15. Nc3 f6 16. Qc2 g4 17. Nh4 gxh3 18. Bxh5 hxg2 19. Rfe1 Rxh5
20. Re8+ Kc7 21. Qe4 Qxb2 22. Rb1 Qxc3 23. Rxb7+ Kxb7 24. Qb1+ Qb4 25. Qe4
Qb5 26. Qg4 Qf1# {White checkmated} 0-1

[Event "ICCopen2017"]
[Site "Internet Chess Club"]
[Date "2017.03.25"]
[Round "6"]
[White "Marblerevealer"]
[Black "shally"]
[Result "0-1"]
[ICCResult "White forfeits on time"]
[WhiteElo "1739"]
[BlackElo "1914"]
[Opening "Queen's bishop game"]
[ECO "D02"]
[NIC "QP.08"]
[Time "15:07:09"]
[TimeControl "180+0"]

1. d4 d5 2. Nf3 Nf6 3. Bf4 g6 4. Nbd2 Bg7 5. e3 Nh5 6. Bg5 h6 7. Bh4 c6 8.
Bd3 Nd7 9. Qe2 Ndf6 10. Ne5 g5 11. Bg3 Nxg3 12. hxg3 Nd7 13. f4 Nxe5 14.
dxe5 g4 15. c3 Qb6 16. Rb1 c5 17. Bb5+ Kf8 18. Bd3 h5 19. e4 Be6 20. f5 dxe4
21. Qxe4 Bxa2 22. Nc4 Bxc4 23. Bxc4 Qc7 24. O-O Bxe5 25. f6 exf6 26. Rf5 Kg7
27. Rbf1 Raf8 28. Qe3 Rh6 29. Bd3 Bxg3 30. Rg5+ fxg5 31. Qxg5+ Rg6 32. Bxg6
fxg6 33. Rxf8 Kxf8 34. Qxg6 Qe5 35. Qh6+ Ke7 36. Qd2 Bf4 37. Qd1 Qe3+ 38.
Kh1 Qc1 39. Qxc1 Bxc1 40. b3 Bd2 41. c4 a6 42. Kg1 b5 43. Kf1 bxc4 44. bxc4
Be3 45. Ke2 Bd4 46. Kd3 a5 47. Kc2 a4 {White forfeits on time} 0-1

[Event "ICCopen2017"]
[Site "Internet Chess Club"]
[Date "2017.03.25"]
[Round "6"]
[White "Red-white"]
[Black "Falstaf"]
[Result "1-0"]
[ICCResult "Black forfeits on time"]
[WhiteElo "3021"]
[BlackElo "2886"]
[Opening "King's Indian: Torre attack"]
[ECO "A48"]
[NIC "QP.01"]
[Time "15:07:18"]
[TimeControl "180+0"]

1. d4 Nf6 2. Nf3 g6 3. Bg5 Bg7 4. e3 d6 5. Nbd2 O-O 6. c3 Nbd7 7. Be2 Qe8 8.
O-O e5 9. a4 a5 10. Nc4 e4 11. Nfd2 b6 12. Na3 Bb7 13. Nb5 Rc8 14. c4 h6 15.
Bh4 g5 16. Bg3 Qe7 17. Rc1 Ne8 18. f3 exf3 19. Bxf3 c6 20. Kh1 f5 21. Na7
Rc7 22. c5 bxc5 23. dxc5 Nxc5 24. Nc4 d5 25. Nxa5 f4 26. exf4 Ba8 27. N7xc6
Bxc6 28. Nxc6 Rxc6 29. Qxd5+ Kh8 30. Qxc6 Nd3 31. Rce1 Nxe1 32. Rxe1 Qd8 33.
fxg5 hxg5 34. a5 g4 35. Bxg4 Nf6 36. Bf3 Qxa5 37. Qc4 Nh7 38. b3 Qd2 39. Qe2
Qd7 40. h3 Nf6 41. Bh4 Re8 42. Qf1 Rf8 43. Qc4 Nh7 44. Rd1 Qe8 45. Rd8 Qg6
46. Rxf8+ Nxf8 47. Qe4 Qd6 48. Bf2 Ng6 49. b4 Nf4 50. b5 Qd2 51. Bg1 Qc1 52.
b6 {Black forfeits on time} 1-0

[Event "ICCopen2017"]
[Site "Internet Chess Club"]
[Date "2017.03.25"]
[Round "6"]
[White "Werewolf"]
[Black "Indiana-Jones"]
[Result "0-1"]
[ICCResult "White forfeits on time"]
[WhiteElo "2167"]
[BlackElo "2749"]
[Opening "Sicilian: Najdorf, 6.Bg5"]
[ECO "B94"]
[NIC "SI.04"]
[Time "15:07:41"]
[TimeControl "180+0"]

1. e4 c5 2. Nf3 d6 3. d4 cxd4 4. Nxd4 Nf6 5. Nc3 a6 6. Bg5 Nbd7 7. Bc4 e6 8.
Qe2 Qa5 9. h4 Be7 10. O-O-O Ne5 11. Bb3 Bd7 12. f4 Nc6 13. Nxc6 Bxc6 14. e5
dxe5 15. fxe5 Nd7 16. Bxe7 Kxe7 17. Rhe1 Qb4 18. Qd2 Qxh4 19. Qd6+ Ke8 20.
Ne4 Rd8 21. Bxe6 fxe6 22. Qxe6+ Qe7 23. Nd6+ Kf8 24. Rf1+ Nf6 25. Qb3 Rxd6
26. Rxd6 Qxe5 27. Rd8+ Be8 28. Qxb7 h5 29. Qd7 Rh6 30. a4 Rg6 31. b4 Rxg2
32. Qd4 Qxd4 {White forfeits on time} 0-1

[Event "ICCopen2017"]
[Site "Internet Chess Club"]
[Date "2017.03.25"]
[Round "6"]
[White "Colombiano07"]
[Black "Istrebitel"]
[Result "0-1"]
[ICCResult "White forfeits on time"]
[WhiteElo "1963"]
[BlackElo "1695"]
[Opening "Sicilian: Nimzovich-Rubinstein variation"]
[ECO "B29"]
[NIC "SI.43"]
[Time "15:06:58"]
[TimeControl "180+0"]

1. e4 c5 2. Nf3 Nf6 3. Nc3 d5 4. exd5 Nxd5 5. Bb5+ Bd7 6. Qe2 Nf6 7. O-O e6
8. d4 cxd4 9. Nxd4 a6 10. Bc4 Be7 11. Rd1 O-O 12. a4 Qc7 13. b3 Nc6 14. Bb2
Rac8 15. Ne4 Ne5 16. Bd3 Nxd3 17. Rxd3 Nxe4 18. Qxe4 Bf6 19. Rad1 b5 20.
axb5 axb5 21. Rg3 Kh8 22. Rf3 e5 23. Nf5 Bxf5 24. Qxf5 Qxc2 25. Qxc2 Rxc2
26. Ba1 Rfc8 27. g3 h6 28. Kg2 e4 29. Re3 Bxa1 30. Rxa1 f5 31. Ra7 R8c5 32.
g4 g6 33. gxf5 gxf5 34. Rg3 Rc7 35. Ra8+ Rc8 36. Ra7 R2c7 37. Ra6 Rc6 38.
Ra7 R8c7 39. Ra8+ Kh7 40. Rag8 f4 41. R3g4 f3+ 42. Kg3 Re6 43. h4 Rf7 44. h5
Re5 45. R8g6 Ree7 46. Rb6 e3 47. Rgg6 exf2 48. Rxh6+ Kg8 49. Rbg6+ Rg7 50.
Rh8+ Kxh8 {White forfeits on time} 0-1

[Event "ICCopen2017"]
[Site "Internet Chess Club"]
[Date "2017.03.25"]
[Round "6"]
[White "charlestehace"]
[Black "arnav311004"]
[Result "0-1"]
[ICCResult "White forfeits on time"]
[WhiteElo "3053"]
[BlackElo "1743"]
[Opening "King's Indian: Gligoric-Taimanov system"]
[ECO "E92"]
[NIC "KI.18"]
[Time "15:06:39"]
[TimeControl "180+0"]

1. d4 Nf6 2. c4 g6 3. Nc3 Bg7 4. e4 d6 5. Nf3 O-O 6. Be2 e5 7. Be3 Ng4 8.
Bg5 f6 9. Bc1 Qe8 10. h3 Nh6 11. O-O Nf7 12. Re1 c6 13. Bf1 Qe7 14. b4 Rd8
15. Rb1 Nd7 16. b5 Nf8 17. Ba3 Qe8 18. bxc6 bxc6 19. d5 c5 20. Nb5 Qe7 21.
Bc1 a6 22. Nc3 Bd7 23. Na4 Rab8 24. Nb6 Be8 25. Bd2 Qa7 26. Ba5 Nd7 27. Nxd7
Rxd7 28. Rxb8 Qxb8 29. Re3 Rb7 30. Rb3 Bd7 31. Qb1 Rxb3 32. axb3 f5 33. Bd3
fxe4 34. Bxe4 Bf8 35. Qc2 Be7 36. Bc3 Kg7 37. Nd2 Ng5 38. Bd3 Bf6 39. Qa2
Qb7 40. Qa5 Nf7 41. Bc2 Bf5 42. Bd1 h5 43. g4 hxg4 44. hxg4 Bd7 45. Ne4 Be7
46. Kg2 Qc8 47. f3 Ng5 48. Ng3 Qh8 49. Be1 Qh3+ 50. Kg1 e4 51. Qc7 Nxf3+ 52.
Kf2 Qh2+ 53. Ke3 Nxe1 54. Qxd7 Qxg3+ 55. Ke2 Kf7 56. Qe6+ Kf8 57. Qc8+ Kf7
58. Qe6+ Kf8 59. Qxg6 Ng2 60. Qf5+ Ke8 61. Qc8+ Kf7 62. Qe6+ Ke8 63. Qxe4
Nf4+ 64. Kd2 Qf2+ 65. Kc1 Kd8 66. Bc2 Bf6 67. Qh7 Qe1+ 68. Bd1 Qc3+ 69. Bc2
Ne2+ 70. Kd1 Nd4 71. Qg8+ Kc7 72. Qf7+ Kb6 73. Qg6 Qf3+ 74. Kc1 Ne2+ 75. Kd1
Nc3+ 76. Kc1 Qf1+ 77. Kd2 Ne4+ 78. Bxe4 Qf4+ 79. Kd1 Bd4 80. Bd3 Ka5
{White forfeits on time}
0-1

[Event "ICCopen2017"]
[Site "Internet Chess Club"]
[Date "2017.03.25"]
[Round "6"]
[White "Kusox"]
[Black "padrino"]
[Result "1-0"]
[ICCResult "Black forfeits on time"]
[WhiteElo "2185"]
[BlackElo "2660"]
[Opening "Old Indian defense"]
[ECO "A42"]
[NIC "OI.07"]
[Time "15:07:07"]
[TimeControl "180+0"]

1. d4 d6 2. c4 e5 3. dxe5 dxe5 4. Qxd8+ Kxd8 5. Nf3 f6 6. Nc3 c6 7. g3 Be6
8. b3 Bb4 9. Bd2 Na6 10. a3 Be7 11. Be3 Kc7 12. Bg2 Bc5 13. Bc1 Bd6 14. Nd2
Be7 15. Bb2 Nh6 16. b4 Rad8 17. e3 Rd7 18. O-O-O Rhd8 19. Nce4 Kb8 20. h4
Nc7 21. Bh3 Bxh3 22. Rxh3 Ng4 23. Rhh1 Ne6 24. Rhf1 f5 25. Nc3 e4 26. Ne2
Bf6 27. Bxf6 Nxf6 28. Kc2 Ng4 29. Nf4 Nxf4 30. gxf4 Rd3 31. h5 Rxa3 32. Nb1
Rad3 33. Rxd3 Rxd3 34. Rg1 Kc7 35. Nd2 Rd7 36. Rg2 Nf6 37. Rg5 Kd6 38. Rxf5
Ke6 39. Re5+ Kf7 40. Nxe4 Nxe4 41. Rxe4 Kf6 42. Re5 h6 43. Kc3 Rf7 44. b5
Rd7 45. bxc6 bxc6 46. Rc5 Rc7 47. e4 Ke6 48. e5 Kd7 49. Kd4 Kc8 50. Ra5 Kb7
51. Kc5 a6 52. Ra3 Rd7 53. Rb3+ Kc7 54. Rb6 Rd3 55. Rxc6+ Kb7 56. Rd6 Ka7
57. Rxd3 a5 58. Rb3 Ka6 59. Rb5 Ka7 60. Rb6 a4 61. Rb5 a3 62. Ra5+
{Black forfeits on time}
1-0

[Event "ICCopen2017"]
[Site "Internet Chess Club"]
[Date "2017.03.25"]
[Round "6"]
[White "Sellect"]
[Black "muhit"]
[Result "0-1"]
[ICCResult "White checkmated"]
[WhiteElo "1485"]
[BlackElo "1809"]
[Opening "King's Indian: Sämisch, 5...O-O"]
[ECO "E81"]
[NIC "KI.54"]
[Time "15:07:15"]
[TimeControl "180+0"]

1. d4 Nf6 2. c4 g6 3. Nc3 Bg7 4. e4 d6 5. f3 O-O 6. Be3 c5 7. Be2 cxd4 8.
Bxd4 Nc6 9. Be3 a6 10. g4 Be6 11. Nh3 Ne5 12. b3 Qc8 13. Nf4 b5 14. Ncd5
Bxd5 15. cxd5 Nfd7 16. Rc1 Qb7 17. Qd2 Rfc8 18. Kf2 Rxc1 19. Rxc1 Rc8 20.
Bf1 Rxc1 21. Qxc1 b4 22. Kg3 a5 23. Qc2 Nc5 24. Bc4 Nxc4 25. Qxc4 Nd7 26.
Ne2 Ne5 27. Qc2 h5 28. g5 h4+ 29. Kf2 Qd7 30. Nf4 Qb5 31. Ne2 Nd3+ 32. Kg2
Ne1+ 33. Kf1 Nxc2 34. Bf2 Qd3 35. Bxh4 Qd1+ 36. Kf2 Bd4+ 37. Kg3 Qxe2 38.
Kg4 Be5 39. Bg3 Qg2 40. f4 Ne3+ 41. Kh4 Bxf4 42. Bxf4 Qg4# {White
checkmated} 0-1

[Event "ICCopen2017"]
[Site "Internet Chess Club"]
[Date "2017.03.25"]
[Round "6"]
[White "GulkovIgor"]
[Black "Bojack"]
[Result "0-1"]
[ICCResult "White forfeits on time"]
[WhiteElo "2346"]
[BlackElo "1980"]
[Opening "QGD semi-Slav: anti-Meran, Lilienthal variation"]
[ECO "D44"]
[NIC "SL.07"]
[Time "15:07:11"]
[TimeControl "180+0"]

1. Nf3 Nf6 2. c4 e6 3. Nc3 d5 4. d4 c6 5. Bg5 dxc4 6. e4 b5 7. e5 h6 8. Bh4
g5 9. Nxg5 hxg5 10. Bxg5 Nbd7 11. g3 Bb7 12. Bg2 Qb6 13. exf6 O-O-O 14. O-O
c5 15. d5 b4 16. Na4 Qb5 17. a3 Nb8 18. axb4 cxb4 19. Qd4 Nc6 20. dxc6 Rxd4
21. cxb7+ Kb8 22. Be3 e5 23. Nc3 bxc3 24. bxc3 Qc5 25. cxd4 exd4 26. Bf4+
Bd6 27. Ra5 Qc7 28. Bxd6 Qxd6 29. Rfa1 Qb6 30. Ra6 Qc5 31. R1a5 Qb4 32. Rxa7
Qe1+ 33. Bf1 Rh5 34. Ra1 Re5 35. R7a4 Qc3 36. Bxc4 Re1+ 37. Rxe1 Qxe1+ 38.
Kg2 Kxb7 39. Bxf7 Qe4+ 40. Kh3 Qe5 41. Rb4+ Kc7 42. Bc4 Qxf6 43. Kg2 Qe5 44.
Bd3 Qd5+ 45. Kg1 Kd6 46. Rc4 Qe5 47. Rc1 Qh8 48. Rd1 Kd5 49. Bf1 Qh5 50. Rd2
Qh7 51. Rd3 Qh6 52. h4 Qh7 53. Kg2 Ke5 54. Be2 Kd5 55. g4 Qh8 56. h5 Kc5 57.
Bf3 Qg8 58. Rd1 Qh7 59. Kg3 d3 60. g5 Kd4 61. g6 Qh6 62. Kg4 Qg7 63. Kf5
Qd7+ 64. Kg5 Qd8+ 65. Kg4 Qh8 {White forfeits on time} 0-1